Map: Coda LE (Void)

Players

RaFiki

  • Race: Terran Terran

Javert - Winner!

  • Race: Zerg Zerg

VOD

Have the link to the VOD?

Description

Time

  • Played on: May 1, 2015, 12:11 a.m.
  • Length: 8:35
Show
View Real Time Build Order
Export as new Build Order

RaFiki Terran 

Build Orders:  

Get SALT Encoding   

  12  0:01  SCV  
  13  0:13  SCV  
  14  0:22  Supply Depot  
  14  0:25  SCV  
  15  0:43  SCV  
  15  0:44  Barracks  
  15  0:48  Refinery  
  16  0:55  SCV  
  17  1:07  SCV  
  18  1:19  SCV  
  19  1:32  Orbital Command  
  19  1:33  Reaper  
  19  1:35  Supply Depot  
  20  1:57  SCV  
  21  2:04  Command Center  
  21  2:05  Reaper  
  22  2:10  SCV  
  23  2:24  SCV  
  24  2:37  Reaper  
  25  2:49  Supply Depot  
  25  2:50  SCV  
  26  2:56  Factory  
  26  2:57  Command Center  
  26  3:12  SCV  
  26  3:19  Supply Depot  
  26  3:20  Orbital Command  
  26  3:24  Barracks Reactor  
  26  3:25  SCV  
  27  3:27  Refinery  
  25  3:43  Supply Depot, Bunker  
  25  3:44  SCV  
  25  3:46  Hellion  
  26  4:00  Marine  
  26  4:01  Marine  
  27  4:04  SCV  
  27  4:05  Orbital Command  
  27  4:12  Factory Tech Lab  
  27  4:14  Starport  
  27  4:22  Marine x2  
  29  4:29  SCV  
  30  4:31  SCV  
  30  4:37  Bunker  
  31  4:40  Cyclone  
  31  4:41  SCV  
  31  4:43  Marine x2  
  37  4:46  SCV  
  37  4:51  Starport Reactor  
  38  4:53  SCV  
  38  4:59  Orbital Command  
  39  5:02  SCV  
  39  5:04  Marine x2  
  42  5:11  Barracks  
  42  5:12  Barracks  
  42  5:13  Supply Depot  
  42  5:14  Barracks  
  42  5:17  Missile Turret  
  42  5:23  SCV  
  42  5:25  SCV x2  
  42  5:27  Refinery  
  45  5:30  Refinery  
  45  5:34  Siege Tank  
  47  5:41  Marine x2  
  47  5:43  Medivac  
  44  6:00  Barracks Tech Lab x2  
  44  6:01  Barracks Reactor  
  41  6:11  Orbital Command  
  35  6:14  Orbital Command  
  29  6:23  SCV  
  29  6:24  Marine x2  
  28  6:25  Marine x2  
  30  6:35  SCV  
  31  6:40  SCV x2  
  31  6:41  Marine  
  31  6:42  Marine  
  31  6:44  Marauder x2  
  38  6:48  SCV  
  38  6:50  Medivac  
  36  7:11  Marine  
  36  7:12  Marauder, Marine  
  36  7:13  Marauder  
  40  7:20  SCV x2  
  42  7:26  Supply Depot x2  
  42  7:27  SCV  
  42  7:28  Supply Depot, Marine x2  
  45  7:32  SCV  
  45  7:33  Medivac  
  48  7:42  SCV  
  48  7:43  SCV  
  50  7:46  SCV  
  51  7:54  SCV  
  51  7:55  SCV  
  53  8:02  SCV  
  53  8:04  Refinery  
  54  8:07  SCV  
Show
View Real Time Build Order
Export as new Build Order

Javert Zerg - Winner!

Build Orders: Hatch First 

Get SALT Encoding   

  12  0:01  Drone  
  13  0:13  Overlord  
  13  0:19  Drone  
  14  0:33  Drone x2  
  16  0:36  Drone  
  17  0:53  Hatchery  
  16  0:57  Drone  
  16  1:00  Extractor  
  16  1:14  Spawning Pool  
  16  1:17  Drone  
  16  1:20  Drone  
  16  1:24  Drone  
  18  1:30  Drone  
  19  1:40  Overlord  
  19  1:52  Drone  
  20  2:00  Queen  
  22  2:02  Metabolic Boost  
  22  2:07  Queen  
  24  2:10  Zergling x2  
  25  2:18  Zergling x4  
  27  2:26  Drone x2  
  29  2:46  Drone  
  29  2:47  Drone x3  
  33  2:52  Overlord  
  33  2:56  Queen  
  35  3:15  Drone  
  35  3:16  Drone x7  
  43  3:29  Overlord  
  43  3:30  Roach Warren  
  42  3:41  Overlord  
  42  3:45  Overlord x2, Extractor  
  41  4:10  Roach x10  
  41  4:17  Drone x2  
  63  4:18  Lair  
  63  4:20  Extractor  
  61  4:27  Overlord  
  61  4:35  Hatchery  
  60  4:42  Drone x3  
  63  4:47  Ravager  
  63  4:52  Drone x5  
  69  4:53  Drone  
  70  5:10  Ravager x2  
  70  5:12  Zergling x2  
  70  5:13  Zergling x10  
  78  5:22  Extractor  
  75  5:41  Ravager  
  75  5:42  Ravager, Roach  
  76  5:44  Overlord x3  
  76  5:50  Drone x6  
  65  6:19  Zergling x12  
  64  6:38  Spire  
  59  6:42  Ravager  
  59  6:43  Roach x7  
  74  6:49  Glial Reconstitution  
  74  6:55  Drone x5  
  76  7:09  Zergling x26  
  86  7:20  Overlord x3  
  83  7:41  Overlord x2  
  83  7:42  Evolution Chamber  
  83  7:43  Evolution Chamber  
  81  7:52  Mutalisk x5  
  81  7:53  Mutalisk x4  
  81  7:56  Drone x6  
Tags
 
Add a new tag
Caveats
  • Supply blocks, unpowered buildings, or Contaminate may cause inaccurate times.
  • Supply counts are checked every 10 seconds.